 Dungeon Crawl Stone Soup version 0.24-a0-582-g4d4af81 (webtiles) character file.

Game seed: 3694551037234766969

263 pkoi the Changer (level 5, 0/40 HPs)
             Began as a Draconian Transmuter on Aug 27, 2019.
             Slain by an orc wizard
             ... wielding a +2 dagger of electrocution
              (1 damage)
             ... on level 4 of the Dungeon.
             The game lasted 00:04:19 (3746 turns).

pkoi the Changer (Draconian Transmuter)             Turns: 3746, Time: 00:04:20

Health: 0/40       AC:  2    Str: 12 (13) XL:     5   Next: 97%
Magic:  6/8        EV: 19    Int: 14      God:
Gold:   106        SH:  0    Dex: 16      Spells: 3/8 levels left

rFire    . . .     SeeInvis .     - Unarmed
rCold    . . .     Gourm    .   (shield currently unavailable)
rNeg     . . .     Faith    .   (armour unavailable)
rPois    x         Spirit   .   (helmet currently unavailable)
rElec    .         Reflect  .   (cloak currently unavailable)
rCorr    .         Harm     .   (gloves currently unavailable)
MR       .....                  (boots currently unavailable)
Stlth    +.........             (no amulet)
HPRegen  0.13/turn              (no ring)
MPRegen  0.11/turn              (no ring)

@: spider-form (expiring), slowed, very slow
A: tiny, unfitting armour, deterioration 1, AC +5
a: End Transformation


You were on level 4 of the Dungeon.
You were hungry.
You were a venomous arachnid creature.
You visited 1 branch of the dungeon, and saw 4 of its levels.

You collected 106 gold pieces.

Inventory:

Hand Weapons
 d - a +0 dagger (melded)
 i - a +2 antimagic dagger
Armour
 j - a +0 pair of boots (melded)
Jewellery
 k - an uncursed ring of ice
Wands
 a - a wand of flame (3)
Scrolls
 b - a scroll of identify
 e - a scroll of noise {unknown}
 g - a scroll of remove curse
 l - a scroll of blinking
 n - a scroll of teleportation {unknown}
Potions
 f - 2 potions of heal wounds
 m - 2 potions of brilliance
Comestibles
 c - 7 rations
 h - 4 chunks of flesh


   Skills:
 - Level 1.1 Fighting
 - Level 1.7 Dodging
 - Level 3.8 Unarmed Combat
 - Level 2.0 Spellcasting
 + Level 4.8 Transmutations
 + Level 2.9 Poison Magic


You had 3 spell levels left.
You knew the following spells:

 Your Spells              Type           Power        Failure   Level  Hunger
b - Sticks to Snakes      Tmut           ###.....     14%         2    ###....
c - Spider Form           Tmut/Pois      ##........   32%         3    ####...

Your spell library contained the following spells:

 Spells                   Type           Power        Failure   Level  Hunger
 Beastly Appendage        Tmut           ###...       11%         1    ##.....
 Ice Form                 Ice/Tmut       #.......     83%         4    #####..
 Blade Hands              Tmut           ###.......   83%         5    ######.


Dungeon Overview and Level Annotations

Branches:
Dungeon (4/15)
 Temple: D:4-7

Altars:
Cheibriados
Gozag
Nemelex Xobeh
Ru
Uskayaw
Wu Jian
Zin

Annotations:
D:3 2 runed translucent doors, Alphaeus's ghost, amateur OpFi


Innate Abilities, Weirdness & Mutations

((Your plain brown scales are hard. (AC +5)))
You cannot fit into any form of body armour.
((You are cold-blooded and may be slowed by cold attacks.))
((You have a pair of small horns on your head.))
Your body sometimes deteriorates upon taking damage.


Message History

You barely miss the orc wizard.
The orc wizard gestures wildly while chanting.
The orc wizard seems to speed up.
You barely miss the orc wizard. The orc wizard misses you.
The orc wizard completely misses you.
The orc wizard hits you with a +2 dagger of electrocution.
You are electrocuted!
Your body deteriorates!
You feel weakened.
You barely miss the orc wizard.
The orc wizard hits you with a +2 dagger of electrocution.
* * * LOW HITPOINT WARNING * * *
You are electrocuted!
* * * LOW HITPOINT WARNING * * *
The orc wizard hits you with a +2 dagger of electrocution.
* * * LOW HITPOINT WARNING * * *
You hit the orc wizard.
The orc wizard is poisoned.
The orc wizard is lightly wounded.
Your transformation is almost over.
The orc wizard hits you with a +2 dagger of electrocution.
You die...

#.##...###......####
#......###.....##.#
#..#........##....#####
.....#..#.........).<...##
..... #.##................##
........#..................#
.....................##....#
#..#.........##.o.........##
..........#..s..<......#
......##......#...<.##
...s.......).#.......
#.................
#........#^.......
......#.....#........
.....##.#............ o....
#####.......#.# ...
#########


You could see an orc wizard and a giant cockroach.

Vanquished Creatures
  An orc warrior (D:3)
  An orc wizard (D:4)
  Ijyb (D:3)
  4 adders
  2 gnolls
  A worm (D:3)
  5 dart slugs
  2 leopard geckos
  A giant cockroach (D:1)
  4 goblins
  3 hobgoblins
  7 jackals
  6 bats
  3 frilled lizards
  5 kobolds
  10 rats
56 creatures vanquished.

Vanquished Creatures (collateral kills)
  An adder (D:2)
  A leopard gecko (D:1)
  2 giant cockroaches (D:1)
  A jackal (D:2)
  A kobold (D:1)
6 creatures vanquished.

Grand Total: 62 creatures vanquished

Notes
Turn   | Place    | Note
-------+----------+-------------------------------------------
     0 | D:1      | pkoi the Draconian Transmuter began the quest for the Orb.
     0 | D:1      | Reached XP level 1. HP: 16/16 MP: 3/3
   236 | D:1      | Reached XP level 2. HP: 23/23 MP: 3/5
   247 | D:1      | Learned a level 2 spell: Sticks to Snakes
   875 | D:1      | Reached XP level 3. HP: 25/28 MP: 3/6
  1075 | D:2      | Reached skill level 3 in Transmutations
  1108 | D:2      | Learned a level 3 spell: Spider Form
  1546 | D:2      | Found an ornate altar of the Wu Jian Council.
  1566 | D:2      | Reached XP level 4. HP: 31/35 MP: 7/7
  2111 | D:2      | Found a sacrificial altar of Ru.
  2112 | D:2      | Found a snail-covered altar of Cheibriados.
  2113 | D:2      | Found a hide-covered altar of Uskayaw.
  2457 | D:3      | Gained mutation: Your body sometimes deteriorates upon
                  | taking damage. [potion of mutation]
  2457 | D:3      | Gained mutation: You have a pair of small horns on your
                  | head. [potion of mutation]
  2474 | D:3      | Found a runed translucent door.
  2474 | D:3      | Noticed a bullfrog
  2474 | D:3      | Noticed Alphaeus's ghost (amateur OpFi)
  2488 | D:3      | Noticed Ijyb
  2503 | D:3      | Killed Ijyb
  2503 | D:3      | Reached skill level 1 in Poison Magic
  2608 | D:3      | Found a glowing silver altar of Zin.
  2635 | D:3      | Found a sparkling altar of Nemelex Xobeh.
  2635 | D:3      | Found an opulent altar of Gozag.
  2691 | D:3      | Found a runed translucent door.
  2748 | D:3      | Reached skill level 4 in Transmutations
  3484 | D:4      | Reached XP level 5. HP: 40/40 MP: 4/8
  3529 | D:4      | Noticed an orc warrior
  3564 | D:3      | Killed an orc warrior
  3745 | D:4      | HP: 1/40 [orc wizard/+2 dagger of electrocution (5)]
  3746 | D:4      | Slain by an orc wizard

Levels and vault maps discovered:
D:1:      saegor_arrival_simple_c, layout_loops_ring
D:2:      layout_basic, old_standard_altar,
          chequers_temple_overflow_statue_of_worship
D:3:      layout_loops_ring, grunt_temple_overflow_opulence,
          lemuel_crystal_altar, lightli_temple_of_fire, ebering_ghost_sewer_f,
          uniq_ijyb
D:4:      minmay_razor_zed, layout_cave_pools, okawaru_altar_gauntlet_db,
          first_ration

Skill      XL: |  1  2  3  4  5 |
---------------+----------------+-----
Transmutations | 3 4 |  4.8
Poison Magic   | 1 2 |  2.9
Fighting       | |  1.1
Dodging        | |  1.7
Unarmed Combat | |  3.8
Spellcasting   | |  2.0

Action                   |  1- 3 |  4- 6 || total
-------------------------+-------+-------++-------
Melee: Dagger            |   133 |   107 ||   240
       Unarmed           |     4 |    19 ||    23
       Headbutt          |     3 |     7 ||    10
       Tailslap          |    12 |     8 ||    20
       Punch             |     2 |       ||     2
 Cast: Beastly Appendage |     3 |       ||     3
       Sticks to Snakes  |     9 |     3 ||    12
       Spider Form       |       |     3 ||     3
  Use: Scroll            |       |     5 ||     5
       Potion            |       |     4 ||     4
 Stab: Sleeping          |     1 |       ||     1
  Eat: Chunk             |     2 |     8 ||    10
Armor: Skin              |    39 |    28 ||    67
Dodge: Dodged            |   102 |    80 ||   182

Table legend:
 A = Non-vault XP
 B = Vault XP
 C = Vault XP percentage of total XP
 D = Non-vault monster count
 E = Vault monster count
 F = Vault count percentage of total count
                 A         B        C        D         E       F
            +---------+---------+-------+---------+---------+-------
      Total |     349 |      27 |   7.2 |      61 |       1 |   1.6
            +---------+---------+-------+---------+---------+-------
        D:1 |      48 |       0 |   0.0 |      27 |       0 |   0.0
        D:2 |      75 |       0 |   0.0 |      20 |       0 |   0.0
        D:3 |     171 |      27 |  13.6 |      12 |       1 |   7.7
        D:4 |      55 |       0 |   0.0 |       2 |       0 |   0.0
            +---------+---------+-------+---------+---------+-------
